 Dungeon Crawl Stone Soup version 0.22-a0-422-g9628fc8 (webtiles) character file.

24 Jynxie the Chiller (level 3, -1/24 HPs)
             Began as a Merfolk Ice Elementalist on May 19, 2018.
             Slain by a gnoll
             ... wielding a +0 spear
              (10 damage)
             ... on level 2 of the Dungeon.
             The game lasted 00:09:09 (1202 turns).

Jynxie the Chiller (Merfolk Ice Elementalist)       Turns: 1202, Time: 00:09:09

Health: -1/24      AC:  2    Str:  8    XL:     3   Next: 2%
Magic:  2/6        EV: 13    Int: 14    God:
Gold:   42         SH:  0    Dex: 15    Spells: 0/6 levels left

rFire    . . .     SeeInvis .   b - +0 spear
rCold    . . .     Gourm    .   (no shield)
rNeg     . . .     Faith    .   a - +0 robe
rPois    .         Spirit   .   (no helmet)
rElec    .         Reflect  .   (no cloak)
rCorr    .         Harm     .   (no gloves)
MR       .....                  (no boots)
Stlth    ++........             (no amulet)
HPRegen  0.08/turn              (no ring)
MPRegen  0.10/turn              (no ring)

@: very slightly contaminated
A: change form in water, swift swim, stealthy swim
a: no special abilities


You were on level 2 of the Dungeon.
You were hungry.

You visited 1 branch of the dungeon, and saw 2 of its levels.

You collected 42 gold pieces.

Inventory:

Hand Weapons
 b - a +0 spear (weapon)
Armour
 a - a +0 robe (worn)
 f - a +0 leather armour
Scrolls
 d - a scroll of fear {unknown}
 e - a scroll of enchant armour {unknown}
 j - a scroll of identify {unknown}
 k - a scroll of fog
 m - a scroll of remove curse {unknown}
 n - a scroll of random uselessness {unknown}
Potions
 g - a potion of heal wounds {unknown}
 h - a potion of lignification {unknown}
 i - a potion of flight {unknown}
Comestibles
 c - 5 rations
 l - 3 chunks of flesh


   Skills:
 * Level 3.1 Polearms
 - Level 2.9 Dodging
 - Level 2.3 Stealth
 - Level 2.0 Spellcasting
 - Level 0.7 Conjurations
 - Level 3.4 Ice Magic


You couldn't memorise any spells.
You knew the following spells:

 Your Spells              Type           Power        Failure   Level  Hunger
a - Freeze                Ice            ##..         6%          1    ##.....
b - Throw Frost           Conj/Ice       #.....       16%         2    ###....
c - Ozocubu's Armour      Chrm/Ice       #.......     34%         3    ####...

Your spell library contained the following spells:

 Spells                   Type           Power        Failure   Level  Hunger
 Summon Ice Beast         Ice/Summ       #.......     75%         4    #####..
 Throw Icicle             Conj/Ice       #.......     69%         4    #####..


Dungeon Overview and Level Annotations

Branches:
Dungeon (2/15)

Altars:


Message History

The gnoll is moderately wounded.
The gnoll hits you but does no damage.
Attack whom?
Press: ? - help, Dir - move target cursor, f/p - gnoll
Aim: a gnoll, wielding a spear (moderately wounded)
You reach to attack!
You hit the gnoll but do no damage.
The gnoll is moderately wounded.
The gnoll hits you from afar with a spear.
Attack whom?
Press: ? - help, Dir - move target cursor, f/p - gnoll
Aim: a gnoll, wielding a spear (moderately wounded)
You reach to attack!
You barely miss the gnoll.
The gnoll is moderately wounded.
The gnoll hits you from afar with a spear.
Your icy armour cracks and falls away as you move.
Wield which item (- for none, * to show all)? (? for menu, Esc to quit)
Okay, then.
You are feeling hungry.
The gnoll hits you from afar with a spear!
You die...

#.####### #.##########
##.##§§§§#######.#........
.....§§§§§.............#
.#.#§.§#§#######.#.#<#.#####.
†#.##§§§§# #.#.#.........
.#.##§.#########.#......####.
............................
.#.##..##############.#..#...
.#(##..# #.@.....#....#.
.#.##..# #.#####.#.#..# ..
#..########g####### #..#
#..........g........ .#
#.#########.######..
#...................
############g#####.# #.# .#
#l# .# .


You could see 2 gnolls.

Vanquished Creatures
  An ooze (D:1)
  A dart slug (D:1)
  2 giant cockroaches
  A goblin (D:1)
  6 hobgoblins (D:1)
  A bat (D:1)
  2 kobolds
  3 rats
17 creatures vanquished.

Notes
Turn   | Place    | Note
-------+----------+-------------------------------------------
     0 | D:1      | Jynxie the Merfolk Ice Elementalist began the quest for the Orb.
     0 | D:1      | Reached XP level 1. HP: 13/13 MP: 3/3
   332 | D:1      | Reached skill level 1 in Polearms
   332 | D:1      | Reached XP level 2. HP: 17/19 MP: 5/5
  1126 | D:2      | Reached XP level 3. HP: 22/24 MP: 3/6
  1140 | D:2      | Learned a level 2 spell: Throw Frost
  1144 | D:2      | Learned a level 3 spell: Ozocubu's Armour
  1202 | D:2      | Slain by a gnoll

Vault maps used:
D:1:      minmay_arrival_diagonal_passages, minmay_pentomino_t4
D:2:      yredelemnul_altar_generic, chequers_ecumenical_altar_twisty,
          uniq_natasha

Skill      XL: |  1  2 |
---------------+-------+-----
Polearms       | 1 3 |  3.1
Dodging        | |  2.9
Stealth        | |  2.3
Spellcasting   | |  2.0
Conjurations   | |  0.7
Ice Magic      | |  3.4

Action                   || total
-------------------------++-------
Melee: Spear             ||    46
       Unarmed           ||     2
 Cast: Freeze            ||    19
       Ozocubu's Armour  ||     1
  Use: Scroll            ||     1
 Stab: Sleeping          ||     7
  Eat: Chunk             ||     1
Armor: Robe              ||     4
Dodge: Dodged            ||    28

Table legend:
 A = Spawn XP
 B = Non-spawn XP
 C = Spawn XP percentage of total XP
 D = Spawn monster count
 E = Non-spawn monster count
 F = Spawn count percentage of total count
 G = Total turns spent on level
                    A         B        C        D         E        F      G
               +---------+---------+-------+---------+---------+-------+---------
         Total |       0 |      35 |   0.0 |       0 |      17 |   0.0 |  1202
               +---------+---------+-------+---------+---------+-------+---------
           D:1 |       0 |      31 |   0.0 |       0 |      14 |   0.0 |  1084
           D:2 |       0 |       4 |   0.0 |       0 |       3 |   0.0 |   118
               +---------+---------+-------+---------+---------+-------+---------
